 Dungeon Crawl Stone Soup version 0.23.2-40-g277498a001 (webtiles) character file.

Game seed: 11750211110038301953

4859 Ihlosi the Skirmisher (level 10, -10/88 HPs)
             Began as a Grey Draconian Conjurer on Oct 6, 2019.
             Was an Initiate of Sif Muna.
             Mangled by Joseph the polar bear (29 damage)
             ... on level 8 of the Dungeon.
             The game lasted 00:41:35 (11609 turns).

Ihlosi the Skirmisher (Grey Draconian Conjurer)    Turns: 11609, Time: 00:41:36

Health: -10/88     AC: 14    Str: 10    XL:     10   Next: 25%
Magic:  18/20      EV: 15    Int: 19    God:    Sif Muna [......]
Gold:   259        SH:  0    Dex: 12    Spells: 18/22 levels left

rFire    + . .     SeeInvis .   a - +2 spear (venom)
rCold    . . .     Gourm    .   (no shield)
rNeg     . . .     Faith    .   (armour unavailable)
rPois    .         Spirit   .   (helmet restricted)
rElec    .         Reflect  .   I - +0 cloak
rCorr    .         Harm     .   (no gloves)
MR       .....                  i - +0 pair of boots
Stlth    +++.......             (no amulet)
HPRegen  0.24/turn              p - ring of protection from fire
MPRegen  0.17/turn              (no ring)

@: no status effects
A: walk through water, unfitting armour, unbreathing, cold-blooded, AC +12
a: Renounce Religion


You were on level 8 of the Dungeon.
You worshipped Sif Muna.
Sif Muna was noncommittal.
You were not hungry.

You visited 2 branches of the dungeon, and saw 9 of its levels.
You also visited: Sewer and Ossuary.

You collected 409 gold pieces.
You spent 150 gold pieces at shops.

Inventory:

Hand Weapons
 a - a +2 spear of venom (weapon)
 n - a +0 dagger of draining
 t - a +0 blowgun
 B - a +1 dagger of freezing
 H - a +3 quarterstaff of chaos
 J - a +1 mace of protection
 N - the cursed +1 whip of the Establishment {slash, *Contam rN+ MR+ Stlth+}
   (You found it on level 6 of the Dungeon)

   It inflicts extra damage upon your enemies.
   It protects you from negative energy.
   It affects your resistance to hostile enchantments.
   It causes magical contamination when unequipped.
   It makes you more stealthy.
   It has a curse placed upon it.
 S - a +0 long sword
Missiles
 d - 258 stones (quivered)
 u - 19 poisoned needles
 R - 2 needles of sleeping
Armour
 i - a +0 pair of boots (worn)
 E - a +0 buckler
 I - a +0 cloak (worn)
Jewellery
 o - an uncursed ring of ice
 p - a ring of protection from fire (left hand)
Wands
 c - a wand of polymorph (17)
 l - a wand of digging (10)
 q - a wand of flame (4)
 D - a wand of paralysis (2)
 F - a wand of acid (7)
 Q - a wand of scattershot (1)
Scrolls
 e - 4 scrolls of amnesia {unknown}
 f - 5 scrolls of blinking {unknown}
 g - 9 scrolls of remove curse
 h - 6 scrolls of identify
 j - 2 scrolls of enchant armour
 k - 5 scrolls of magic mapping
 r - 8 scrolls of teleportation
 s - 2 scrolls of enchant weapon {unknown}
 v - a scroll of noise {unknown}
 y - 2 scrolls of fear {unknown}
 C - 4 scrolls of fog
 G - 2 scrolls of random uselessness {unknown}
 M - a scroll of immolation {unknown}
Potions
 m - a potion of mutation
 w - 4 potions of heal wounds
 x - 6 potions of curing
 z - 4 potions of brilliance
 A - 3 potions of might
 K - a potion of magic
 L - 3 potions of lignification {unknown}
 O - a potion of agility
 P - a potion of haste {unknown}
Comestibles
 b - 10 rations


   Skills:
 + Level 7.9 Fighting
 - Level 6.0 Dodging
 - Level 6.1 Stealth
 + Level 4.9 Unarmed Combat
 * Level 6.7 Spellcasting
 - Level 6.0 Conjurations
 + Level 2.2 Evocations


You had 18 spell levels left.
You knew the following spells:

 Your Spells              Type           Power        Failure   Level  Hunger
a - Magic Dart            Conj           ####         1%          1    None
b - Dazzling Spray        Conj/Hex       ###...       9%          3    ##.....

Your spell library contained the following spells:

 Spells                   Type           Power        Failure   Level  Hunger
 Searing Ray              Conj           ####..       1%          2    None
 Throw Frost              Conj/Ice       ###...       4%          2    None
 Iskenderun's Mystic Bla  Conj           ####....     9%          4    ####...
 Freeze                   Ice            #...         11%         1    None
 Ozocubu's Armour         Chrm/Ice       #.......     30%         3    ##.....
 Force Lance              Conj/Tloc      ###.....     30%         4    ####...
 Fulminant Prism          Conj/Hex       ###.......   30%         4    ####...
 Throw Icicle             Conj/Ice       ###.....     30%         4    ####...
 Summon Ice Beast         Ice/Summ       #.......     71%         4    ####...


Dungeon Overview and Level Annotations

Branches:
Dungeon (8/15)             Temple (1/1) D:7
   Lair: D:8-11

Altars:
Ashenzari
Cheibriados
Elyvilon
Gozag
Makhleb
Nemelex Xobeh
Okawaru
Ru
Sif Muna
Trog
Uskayaw
Vehumet
Xom
The Shining One

Shops:
D:4 *!

Annotations:
D:6 3 runed translucent doors, Philippstinkt's ghost, amateur FeTm; grouchysmurf's ghost, novice GrBe
D:7 3 runed translucent doors, Martska's ghost, novice HOFi
D:8 Joseph


Innate Abilities, Weirdness & Mutations

You can walk through water.
Your dull iron-grey scales are very hard. (AC +12)
You cannot fit into any form of body armour.
You can survive without breathing.
You are cold-blooded and may be slowed by cold attacks.


Message History

Joseph closely misses you. Joseph barely misses you.
Evoke which item? (* to show all) (? for menu, Esc to quit)
Aiming: Scattershot
Press: ? - help, Shift-Dir - straight line, f/p - Joseph
Aim: Joseph the polar bear (almost dead, berserk, fast, unusually strong, poisoned)
The burst of metal fragments hits Joseph. x2
The burst of metal fragments hits Joseph but does no damage.
The burst of metal fragments hits Joseph.
The burst of metal fragments hits Joseph but does no damage.
Joseph is almost dead.
Joseph bites you but does no damage. Joseph misses you.
Joseph barely misses you.
Evoke which item? (* to show all) (? for menu, Esc to quit)
Aiming: Scattershot
Press: ? - help, Shift-Dir - straight line, f/p - Joseph
Aim: Joseph the polar bear (almost dead, berserk, fast, unusually strong, poisoned)
The burst of metal fragments hits Joseph but does no damage. x3
Joseph is almost dead.
Joseph bites you!!
You die...

.###.....##.###.#.#....@ #
.......(..#..........# ..
...).................# ...
....###..............# ....
...(###..............#### .....
#...(##......)..........#......
#......................<.......
.................[.............
..[.....##..###.@h.#..........#
........###.# ##)###..........#
..##..... #.# #.)#(##.......###
..#.........###...).........#
..................(.........#
......##......)...## ......
#.....#.#### ......#.........#
...##..##........#


You could see Joseph the polar bear (berserk).

Vanquished Creatures
  Pikel (D:4)
  Prince Ribbit (D:5)
  Grinder (D:4)
  Sigmund (D:2)
  2 wraiths (Ossuary)
  Menkaure (D:7)
  Edmund (D:6)
  An ice beast (D:6)
  An orc warrior (D:6)
  A sky beast (D:8)
  2 ogres
  A phantom (D:7)
  4 centaurs
  A gnoll sergeant (D:8)
  4 bullfrogs
  A water moccasin skeleton (D:6)
  A water moccasin zombie (D:8)
  A jelly (D:7)
  6 killer bees (D:7)
  3 wights (Ossuary)
  5 howler monkeys
  A centaur zombie (D:3)
  2 crimson imps
  5 hounds
  7 orc priests
  4 orc wizards
  Ijyb (D:5)
  Crazy Yiuf (D:2)
  Jessica (D:3)
  Natasha (thrice) (D:2)
  An iguana (D:8)
  7 worker ants
  A hound zombie (D:8)
  Robin (D:3)
  4 gnolls (D:8)
  14 adders
  7 river rats (Sewer)
  2 shadow imps
  2 oozes (D:2)
  4 adder zombies
  3 adder skeletons
  2 worms
  2 dart slugs
  10 leopard geckos
  20 orcs
  10 giant cockroaches
  10 hobgoblins
  12 jackals
  11 kobolds
  2 quokkas (D:3)
  11 ball pythons
  A ball python skeleton (Ossuary)
  8 bats
  8 frilled lizards
  22 goblins
  2 hobgoblin skeletons (Ossuary)
  A hobgoblin zombie (Ossuary)
  A jackal zombie (D:6)
  A leopard gecko skeleton (D:5)
  An orc skeleton (Ossuary)
  An orc zombie (Ossuary)
  A quokka skeleton (D:5)
  28 rats
276 creatures vanquished.

Notes
Turn   | Place    | Note
-------+----------+-------------------------------------------
     0 | D:1      | Ihlosi the Draconian Conjurer began the quest for the Orb.
     0 | D:1      | Reached XP level 1. HP: 14/14 MP: 3/3
   551 | D:1      | Reached XP level 2. HP: 17/20 MP: 5/5
  1295 | D:2      | Noticed Natasha
  1305 | D:2      | Noticed a crimson imp
  1310 | D:2      | Killed Natasha
  1310 | D:2      | Reached skill level 1 in Fighting
  1310 | D:2      | Reached XP level 3. HP: 28/28 MP: 6/6
  1319 | D:2      | Noticed Natasha
  1324 | D:2      | Killed Natasha
  1324 | D:2      | Reached XP level 4. HP: 29/35 MP: 4/7
  1416 | D:2      | Noticed Natasha
  1425 | D:2      | Killed Natasha
  1614 | D:2      | Found a runed translucent door.
  1615 | D:2      | Noticed Crazy Yiuf
  1635 | D:2      | Reached skill level 5 in Conjurations
  1917 | D:2      | Reached XP level 5. HP: 38/41 MP: 8/8
  2556 | D:2      | Noticed Sigmund
  2741 | D:3      | Noticed Jessica
  2763 | D:3      | Killed Jessica
  2763 | D:3      | Reached skill level 2 in Fighting
  3034 | D:3      | Reached XP level 6. HP: 14/48 MP: 10/10
  3455 | D:3      | Noticed Robin
  3475 | D:3      | Killed Robin
  3523 | D:3      | HP: 2/50 [poisoned by a kobold]
  4051 | D:3      | Reached skill level 1 in Unarmed Combat
  4449 | D:4      | Found Mmees's Merry Market.
  4449 | D:4      | Noticed Grinder
  4464 | D:3      | Learned a level 3 spell: Dazzling Spray
  4632 | D:4      | Paralysed by Grinder for 3 turns
  4657 | D:4      | Killed Grinder
  4657 | D:4      | Reached skill level 3 in Fighting
  4657 | D:4      | Your scales start taking on a dull iron-grey colour.
  4657 | D:4      | Reached XP level 7. HP: 5/57 MP: 1/11
  4657 | D:4      | Gained mutation: You can survive without breathing. [Grey
                  | Draconian growth]
  4939 | D:4      | Bought a potion of mutation for 96 gold pieces
  4939 | D:4      | Bought a scroll of magic mapping for 42 gold pieces
  5152 | D:4      | Reached skill level 4 in Fighting
  5224 | D:4      | You fall through a shaft!
  5224 | D:5      | Entered Level 5 of the Dungeon
  5293 | D:5      | Found a glowing drain.
  5324 | Sewer    | Entered a sewer
  5725 | Sewer    | Reached skill level 1 in Evocations
  5877 | Sewer    | Reached skill level 5 in Fighting
  5880 | Sewer    | Reached XP level 8. HP: 53/68 MP: 13/13
  6038 | D:5      | Noticed Ijyb
  6059 | D:5      | Killed Ijyb
  6107 | D:5      | Noticed Prince Ribbit
  6119 | D:5      | Killed Prince Ribbit
  6119 | D:5      | Reached skill level 5 in Dodging
  7164 | D:5      | Found a radiant altar of Vehumet.
  7164 | D:5      | Found an iron altar of Okawaru.
  7166 | D:5      | Found a shattered altar of Ashenzari.
  7574 | D:4      | Found Kuluosaq's Distillery.
  7577 | D:4      | Bought a potion of degeneration for 12 gold pieces
  7605 | D:4      | Reached skill level 6 in Fighting
  7647 | D:4      | Noticed Pikel
  7690 | D:4      | Killed Pikel
  7690 | D:4      | Reached skill level 5 in Stealth
  7690 | D:4      | Reached XP level 9. HP: 78/78 MP: 6/16
  7811 | D:4      | Found a bloodstained altar of Trog.
  8004 | D:2      | Killed Sigmund
  8049 | D:2      | Killed Crazy Yiuf
  8303 | D:6      | Noticed Edmund
  8314 | D:6      | Killed Edmund
  8314 | D:6      | Reached skill level 5 in Spellcasting
  8350 | D:6      | Found a sand-covered staircase.
  8360 | Ossuary  | Entered an ossuary
  8934 | Ossuary  | Reached skill level 7 in Fighting
  9103 | D:6      | Got a warped whip
  9104 | D:6      | Identified the cursed +1 whip of the Establishment {slash,
                  | *Contam rN+ MR+ Stlth+} (You found it on level 6 of the
                  | Dungeon)
  9455 | D:6      | Found an opulent altar of Gozag.
  9596 | D:6      | Found a runed translucent gate.
  9596 | D:6      | Found a runed translucent gate.
  9596 | D:6      | Noticed Philippstinkt's ghost (amateur FeTm)
  9597 | D:6      | Found a runed translucent gate.
  9597 | D:6      | Noticed grouchysmurf's ghost (novice GrBe)
  9970 | D:7      | Found a staircase to the Ecumenical Temple.
 10122 | D:7      | Reached XP level 10. HP: 85/86 MP: 19/19
 10246 | D:7      | Noticed Menkaure
 10263 | D:7      | Killed Menkaure
 10596 | D:7      | Found a runed translucent gate.
 10596 | D:7      | Found a runed translucent gate.
 10598 | D:7      | Found a runed translucent gate.
 10601 | D:7      | Noticed Martska's ghost (novice HOFi)
 10771 | Temple   | Entered the Ecumenical Temple
 11073 | Temple   | Became a worshipper of Sif Muna the Loreminder
 11348 | D:8      | Noticed Joseph
 11598 | D:8      | Noticed Joseph
 11598 | D:8      | Joseph changed into Joseph the polar bear
 11609 | D:8      | Mangled by Joseph the polar bear

Skill      XL: |  1  2  3  4  5  6  7  8  9 |
---------------+----------------------------+-----
Dodging        | 2 3 4 5 6 |  6.0
Fighting       | 1 2 3 5 6 7 |  7.9
Stealth        | 2 3 4 5 6 |  6.1
Conjurations   | 5 6 |  6.0
Unarmed Combat | 1 2 4 |  4.9
Spellcasting   | 3 4 6 |  6.7
Evocations     | 1 2 |  2.2

Action                   |  1- 3 |  4- 6 |  7- 9 | 10-12 || total
-------------------------+-------+-------+-------+-------++-------
Melee: Unarmed           |    50 |     5 |   209 |    24 ||   288
       Tailslap          |    12 |    26 |    82 |    19 ||   139
       Dagger            |    56 |   270 |       |       ||   326
       Spear             |       |    58 |   329 |   133 ||   520
       Punch             |       |     1 |     5 |     1 ||     7
       Mace              |       |       |    67 |       ||    67
 Cast: Magic Dart        |     2 |     2 |    26 |    26 ||    56
       Dazzling Spray    |       |     3 |    30 |     4 ||    37
Evoke: Wand              |       |     5 |    13 |    10 ||    28
  Use: Potion            |     2 |     6 |     1 |       ||     9
       Scroll            |       |     2 |     5 |       ||     7
 Stab: Sleeping          |     2 |     9 |    14 |       ||    25
       Invisible         |       |       |     9 |       ||     9
       Paralysed         |       |       |     6 |     9 ||    15
  Eat: Chunk             |     1 |    10 |    10 |     7 ||    28
       Ration            |       |       |     3 |       ||     3
Armor: Skin              |    34 |   134 |   221 |    71 ||   460
Dodge: Dodged            |    63 |   247 |   503 |   131 ||   944
